PA
GWINNETT COUNTY BLACK CATS @ GALESBURG GUZZLERS
07/28/2023
 
TOP OF THE 1ST
Gwinnett County Black Cats batting - Pitching for Galesburg Guzzlers : LHP Mike Harris
Pitching: LHP Mike Harris
Batting: RHB Aaron Taylor 0-0: Foul Ball, location: 2F
0-1: Called Strike
0-2: Foul Ball, location: 2F
0-2: Foul Ball, location: 2F
0-2: Strikes out looking
Batting: RHB Vicente Espinoza 0-0: Ball
1-0: Swinging Strike
1-1: Swinging Strike
1-2: Ball
2-2: Foul Ball, location: 2F
2-2: Strikes out looking
Batting: LHB Jorge Borbón 0-0: Ball
1-0: Foul Ball, location: 2F
1-1: Fly out, F9 (Flyball, 89M)
Top of the 1st over - 0 run(s), 0 hit(s), 0 error(s), 0 left on base; Gwinnett County 0 - Galesburg 0
BOTTOM OF THE 1ST
Galesburg Guzzlers batting - Pitching for Gwinnett County Black Cats : RHP Eduardo Villa
Pitching: RHP Eduardo Villa
Batting: RHB Roland Deschain 0-0: Called Strike
0-1: SINGLE (Line Drive, 6M)
Batting: RHB Fernando Rivera 0-0: Fly out, F8 (Flyball, 8LS)
Batting: LHB Guillermo Castro 0-0: Fly out, F7 (Flyball, 7M)
Batting: RHB Frank Crocker 0-0: Ball
1-0: Swinging Strike
1-1: Swinging Strike
1-2: Strikes out swinging
Bottom of the 1st over - 0 run(s), 1 hit(s), 0 error(s), 1 left on base; Gwinnett County 0 - Galesburg 0
TOP OF THE 2ND
Gwinnett County Black Cats batting - Pitching for Galesburg Guzzlers : LHP Mike Harris
Batting: LHB Willis Baker 0-0: Called Strike
0-1: Foul Ball, location: 2F
0-2: SINGLE (Line Drive, 4MD)
Batting: RHB Joe Runyon 0-0: Fly out, F6 (Line Drive, 6M)
Batting: RHB John Townsend 0-0: SINGLE (Groundball, 34)
Willis Baker to second
Batting: RHB Addie Kattenberg 0-0: Called Strike
0-1: Swinging Strike
0-2: Ball
1-2: Foul Ball, location: 2F
1-2: Strikes out looking
Batting: LHB Jace McNulty 0-0: Called Strike
0-1: Ball
1-1: Fielders Choice at 2nd, U6 (Groundball, 6M)
Top of the 2nd over - 0 run(s), 2 hit(s), 0 error(s), 2 left on base; Gwinnett County 0 - Galesburg 0
BOTTOM OF THE 2ND
Galesburg Guzzlers batting - Pitching for Gwinnett County Black Cats : RHP Eduardo Villa
Batting: RHB Gabrio Campoverde 0-0: Called Strike
0-1: Swinging Strike
0-2: Strikes out swinging
Batting: RHB Javier De Jesús 0-0: Ball
1-0: Foul Ball, location: 2F
1-1: Ball
2-1: Called Strike
2-2: Ball
3-2: SOLO HOME RUN (Flyball, 7LD), Distance : 371 ft
Batting: RHB Tripp Donahue 0-0: Ball
1-0: SINGLE (Groundball, 6MD)
Batting: RHB Pierre Bernard 0-0: Fly out, F8 (Flyball, 8LXD)
Batting: RHB Toussiant L'Ouverture 0-0: Ball
1-0: Called Strike
1-1: Called Strike
1-2: Foul Ball, location: 2F
1-2: Fly out, F9 (Flyball, 9LS)
Bottom of the 2nd over - 1 run(s), 2 hit(s), 0 error(s), 1 left on base; Gwinnett County 0 - Galesburg 1
TOP OF THE 3RD
Gwinnett County Black Cats batting - Pitching for Galesburg Guzzlers : LHP Mike Harris
Batting: RHB Clarence Weber 0-0: Foul Ball, location: 2F
0-1: Ground out 6-3 (Groundball, 56)
Batting: RHB Aaron Taylor 0-0: Foul Ball, location: 2F
0-1: Ball
1-1: SINGLE (Flyball, 9LS)
Batting: RHB Vicente Espinoza 0-0: Called Strike
0-1: SINGLE (Groundball, 6)
Aaron Taylor to second
Batting: LHB Jorge Borbón 0-0: Ball
1-0: SINGLE (Flyball, 8RM)
Aaron Taylor to third
Vicente Espinoza to second
Runner from 3rd tries for Home, SAFE, no throw or cutoff
Batting: LHB Willis Baker 0-0: Swinging Strike
0-1: Ball
1-1: Ball
2-1: Foul Ball, location: 2F
2-2: Ball
3-2: Foul Ball, location: 2F
3-2: Base on Balls
Vicente Espinoza to third
Jorge Borbón to second
Batting: RHB Joe Runyon 0-0: DOUBLE (Line Drive, 9LM)
Vicente Espinoza scores
Jorge Borbón scores
Willis Baker to third
Batting: RHB John Townsend 0-0: Ball
1-0: Fly out, F4 (Popup, 4MD)
Batting: RHB Addie Kattenberg 0-0: Called Strike
0-1: Ground out 4-3 (Groundball, 4)
Top of the 3rd over - 3 run(s), 4 hit(s), 0 error(s), 2 left on base; Gwinnett County 3 - Galesburg 1
BOTTOM OF THE 3RD
Galesburg Guzzlers batting - Pitching for Gwinnett County Black Cats : RHP Eduardo Villa
Batting: RHB Roland Deschain 0-0: Fly out, F6 (Popup, 6)
Batting: RHB Fernando Rivera 0-0: Ball
1-0: Ball
2-0: Ball
3-0: Called Strike
3-1: Ground out 6-3 (Groundball, 6)
Batting: LHB Guillermo Castro 0-0: Ball
1-0: DOUBLE (Flyball, 7LM)
Batting: RHB Frank Crocker 0-0: Ball
1-0: Called Strike
1-1: Foul Ball, location: 2F
1-2: Fly out, F8 (Flyball, 8RM)
Bottom of the 3rd over - 0 run(s), 1 hit(s), 0 error(s), 1 left on base; Gwinnett County 3 - Galesburg 1
TOP OF THE 4TH
Gwinnett County Black Cats batting - Pitching for Galesburg Guzzlers : LHP Mike Harris
Batting: LHB Jace McNulty 0-0: Fly out, F8 (Flyball, 8RM)
Batting: RHB Clarence Weber 0-0: Called Strike
0-1: Ball
1-1: Swinging Strike
1-2: Strikes out swinging
Batting: RHB Aaron Taylor 0-0: Called Strike
0-1: Called Strike
0-2: Ball
1-2: Strikes out swinging
Top of the 4th over - 0 run(s), 0 hit(s), 0 error(s), 0 left on base; Gwinnett County 3 - Galesburg 1
BOTTOM OF THE 4TH
Galesburg Guzzlers batting - Pitching for Gwinnett County Black Cats : RHP Eduardo Villa
Batting: RHB Gabrio Campoverde 0-0: Ball
1-0: Ball
2-0: Called Strike
2-1: Called Strike
2-2: SINGLE (Line Drive, 78S)
Batting: RHB Javier De Jesús 0-0: Ball
Gabrio Campoverde steals 2nd base
1-0: Ground out 5-3 (Groundball, 5S)
Gabrio Campoverde to third
Batting: RHB Tripp Donahue 0-0: Called Strike
0-1: Swinging Strike
0-2: Foul Ball, location: 2F
0-2: Strikes out swinging
Batting: RHB Pierre Bernard 0-0: Called Strike
0-1: Foul Ball, location: 2F
0-2: Ball
1-2: SINGLE (Groundball, 3D)
Gabrio Campoverde scores
Batting: RHB Toussiant L'Ouverture 0-0: Fielders Choice at 2nd, 6-4 (Groundball, 6)
Bottom of the 4th over - 1 run(s), 2 hit(s), 0 error(s), 0 left on base; Gwinnett County 3 - Galesburg 2
TOP OF THE 5TH
Gwinnett County Black Cats batting - Pitching for Galesburg Guzzlers : LHP Mike Harris
Batting: RHB Vicente Espinoza 0-0: Ball
1-0: Called Strike
1-1: Ball
2-1: Reached on error, E4 (Groundball, 4)
Batting: LHB Jorge Borbón 0-0: Ball
1-0: Called Strike
1-1: Ball
2-1: Foul Ball, location: 2F
2-2: Foul Ball, location: 2F
2-2: Ball
3-2: Fly out, F6 (Popup, 56)
Batting: LHB Willis Baker 0-0: Called Strike
0-1: Called Strike
0-2: Ball
1-2: Foul Ball, location: 2F
1-2: SINGLE (Line Drive, 6)
Vicente Espinoza to second
Batting: RHB Joe Runyon 0-0: Called Strike
0-1: Foul Ball, location: 2F
0-2: Ball
1-2: Foul Ball, location: 2F
1-2: Foul Ball, location: 2F
1-2: Fly out, F8 (Flyball, 8LM)
Batting: RHB John Townsend 0-0: Ball
1-0: Ball
2-0: Ball
3-0: Called Strike
3-1: Swinging Strike
3-2: Base on Balls
Vicente Espinoza to third
Willis Baker to second
Batting: RHB Addie Kattenberg 0-0: Reached on error, E5 (Groundball, 56)
Vicente Espinoza scores
Willis Baker to third
John Townsend to second
Batting: LHB Jace McNulty 0-0: Called Strike
0-1: Ball
1-1: Swinging Strike
1-2: Foul Ball, location: 2F
1-2: Foul Ball, location: 2F
1-2: Foul Ball, location: 2F
1-2: Foul Ball, location: 2F
1-2: Strikes out swinging
Top of the 5th over - 1 run(s), 1 hit(s), 2 error(s), 3 left on base; Gwinnett County 4 - Galesburg 2
BOTTOM OF THE 5TH
Galesburg Guzzlers batting - Pitching for Gwinnett County Black Cats : RHP Eduardo Villa
Batting: RHB Roland Deschain 0-0: Ball
1-0: Called Strike
1-1: Ball
2-1: SINGLE (Groundball, 56D)
Batting: RHB Fernando Rivera 0-0: Ball
1-0: Sac Bunt - play at first, batter OUT! 2-3
Roland Deschain to second
Batting: LHB Guillermo Castro 0-0: Ball
1-0: Called Strike
1-1: Foul Ball, location: 2F
1-2: Foul Ball, location: 2F
1-2: Foul Ball, location: 2F
1-2: Foul Ball, location: 2F
1-2: SINGLE (Line Drive, 6D)
Roland Deschain to third
Batting: RHB Frank Crocker 0-0: Ball
1-0: Called Strike
1-1: Foul Ball, location: 2F
1-2: Foul Ball, location: 2F
1-2: Fly out, F8 (Flyball, 8RM)
Runner from 3rd tags up, SCORES, no throw
Batting: RHB Gabrio Campoverde 0-0: Foul Ball, location: 2F
0-1: Ball
1-1: Ball
2-1: Foul Ball, location: 2F
2-2: Foul Ball, location: 2F
2-2: Ball
3-2: Foul Ball, location: 2F
3-2: Fly out, F9 (Flyball, 9LMF)
Bottom of the 5th over - 1 run(s), 2 hit(s), 0 error(s), 1 left on base; Gwinnett County 4 - Galesburg 3
TOP OF THE 6TH
Gwinnett County Black Cats batting - Pitching for Galesburg Guzzlers : LHP Mike Harris
Batting: RHB Clarence Weber 0-0: Ground out 6-3 (Groundball, 6M)
Batting: RHB Aaron Taylor 0-0: DOUBLE (Line Drive, 7M)
Batting: RHB Vicente Espinoza 0-0: Ball
1-0: Called Strike
1-1: Fly out, F3 (Popup, 3F)
Batting: LHB Jorge Borbón 0-0: Ball
1-0: Called Strike
1-1: Foul Ball, location: 2F
1-2: Ball
2-2: Ball
3-2: Base on Balls
Pitching: RHP Curro Villamar
Batting: LHB Willis Baker 0-0: Called Strike
0-1: Ball
1-1: Swinging Strike
1-2: Strikes out swinging
Top of the 6th over - 0 run(s), 1 hit(s), 0 error(s), 2 left on base; Gwinnett County 4 - Galesburg 3
BOTTOM OF THE 6TH
Galesburg Guzzlers batting - Pitching for Gwinnett County Black Cats : RHP Eduardo Villa
Batting: RHB Javier De Jesús 0-0: Ground out 5-3 (Groundball, 5)
Batting: RHB Tripp Donahue 0-0: Ball
1-0: Foul Ball, location: 2F
1-1: Called Strike
1-2: Fly out, F7 (Flyball, 7M)
Batting: RHB Pierre Bernard 0-0: SINGLE (Groundball, 34S)
Batting: RHB Toussiant L'Ouverture 0-0: Ball
1-0: Ball
2-0: SINGLE (Line Drive, 9LS)
Pierre Bernard to second
Batting: RHB Roland Deschain 0-0: Called Strike
0-1: Swinging Strike
0-2: Foul Ball, location: 2F
0-2: Strikes out swinging
Bottom of the 6th over - 0 run(s), 2 hit(s), 0 error(s), 2 left on base; Gwinnett County 4 - Galesburg 3
TOP OF THE 7TH
Gwinnett County Black Cats batting - Pitching for Galesburg Guzzlers : RHP Curro Villamar
Batting: RHB Joe Runyon 0-0: Ball
1-0: Swinging Strike
1-1: Foul Ball, location: 2F
1-2: Ball
2-2: Foul Ball, location: 2F
2-2: Reached on Error, E4 (Popup, 4MD)
Batting: RHB John Townsend 0-0: Ball
1-0: Swinging Strike
1-1: Ball
2-1: Bunted foul
2-2: Ball
3-2: SINGLE (Groundball, 56D)
Joe Runyon to second
Pinch Hitting: LHB Jim Unknown 0-0: Called Strike
0-1: Swinging Strike
0-2: Ball
1-2: Ball
2-2: Ball
3-2: Strikes out swinging
Batting: LHB Jace McNulty 0-0: Ball
1-0: Called Strike
1-1: Ball
2-1: Ball
3-1: Base on Balls
Joe Runyon to third
John Townsend to second
Pinch Hitting: RHB Orlando Sánchez 0-0: Foul Ball, location: 2F
0-1: SINGLE (Line Drive, 6MD)
Joe Runyon scores
John Townsend to third
Jace McNulty to second
Batting: RHB Aaron Taylor 0-0: SINGLE (Line Drive, 56D)
John Townsend scores
Jace McNulty to third
Orlando Sánchez to second
Pinch Hitting: RHB Ghislain Vespucci 0-0: Ball
1-0: Called Strike
1-1: Called Strike
1-2: Ball
2-2: Fly out, F8 (Flyball, 8LXD)
Runner from 3rd tags up, SCORES, no throw
Orlando Sánchez to third
Pitching: LHP Jim Unknown
Batting: LHB Jorge Borbón 0-0: Foul Ball, location: 2F
0-1: Ball
1-1: Foul Ball, location: 2F
1-2: SINGLE (Groundball, 34D)
Orlando Sánchez scores
Aaron Taylor to second
Runner from 2nd tries for 3rd, SAFE, throw made to third
Batting: LHB Willis Baker 0-0: Ball
1-0: Ground out 4-3 (Groundball, 4)
Top of the 7th over - 4 run(s), 4 hit(s), 1 error(s), 2 left on base; Gwinnett County 8 - Galesburg 3
BOTTOM OF THE 7TH
Galesburg Guzzlers batting - Pitching for Gwinnett County Black Cats : RHP Eduardo Villa
Now at 2B: Ghislain Vespucci
Now at 3B: Luis Guerrero
Now in RF: Jim Unknown
Batting: RHB Fernando Rivera 0-0: Ground out 5-3 (Groundball, 56S)
Batting: LHB Guillermo Castro 0-0: Ball
1-0: Foul Ball, location: 2F
1-1: Ball
2-1: Foul Ball, location: 2F
2-2: Ball
3-2: Base on Balls
Batting: RHB Frank Crocker 0-0: Swinging Strike
0-1: Called Strike
0-2: Strikes out looking
Guillermo Castro steals 2nd base
Batter strikes out.
Batting: RHB Gabrio Campoverde 0-0: Swinging Strike
0-1: Called Strike
0-2: Foul Ball, location: 2F
0-2: Foul Ball, location: 2F
0-2: Ball
1-2: Ball
2-2: Ball
3-2: Strikes out looking
Bottom of the 7th over - 0 run(s), 0 hit(s), 0 error(s), 1 left on base; Gwinnett County 8 - Galesburg 3
TOP OF THE 8TH
Gwinnett County Black Cats batting - Pitching for Galesburg Guzzlers : LHP Jim Unknown
Batting: RHB Joe Runyon 0-0: Fly out, F5 (Popup, 5S)
Batting: RHB John Townsend 0-0: Called Strike
0-1: Ball
1-1: Ball
2-1: Foul Ball, location: 2F
2-2: Strikes out swinging
Batting: LHB Jim Unknown 0-0: Called Strike
0-1: Ball
1-1: Ball
2-1: Foul Ball, location: 2F
2-2: DOUBLE (Line Drive, 8LS)
Batting: LHB Jace McNulty 0-0: Fly out, F9 (Flyball, 89M)
Top of the 8th over - 0 run(s), 1 hit(s), 0 error(s), 1 left on base; Gwinnett County 8 - Galesburg 3
BOTTOM OF THE 8TH
Galesburg Guzzlers batting - Pitching for Gwinnett County Black Cats : RHP Eduardo Villa
Pitching: RHP Héctor Salazar
Batting: RHB Javier De Jesús 0-0: Ball
1-0: Ball
2-0: Called Strike
2-1: Swinging Strike
2-2: Foul Ball, location: 2F
2-2: Fly out, F8 (Flyball, 8LM)
Batting: RHB Tripp Donahue 0-0: Foul Ball, location: 2F
0-1: Ground out 4-3 (Groundball, 4)
Batting: RHB Pierre Bernard 0-0: Swinging Strike
0-1: Ball
1-1: Foul Ball, location: 2F
1-2: Fly out, F3 (Popup, 3)
Bottom of the 8th over - 0 run(s), 0 hit(s), 0 error(s), 0 left on base; Gwinnett County 8 - Galesburg 3
TOP OF THE 9TH
Gwinnett County Black Cats batting - Pitching for Galesburg Guzzlers : LHP Jim Unknown
Batting: RHB Luis Guerrero 0-0: Ball
1-0: Swinging Strike
1-1: Foul Ball, location: 2F
1-2: Strikes out looking
Batting: RHB Aaron Taylor 0-0: SINGLE (Line Drive, 7S)
Batting: RHB Ghislain Vespucci 0-0: Ball
1-0: Foul Ball, location: 2F
1-1: Called Strike
1-2: Ball
2-2: Strikes out swinging
Batting: LHB Jorge Borbón 0-0: Ball
1-0: Ball
2-0: Ball
3-0: Called Strike
3-1: Foul Ball, location: 2F
3-2: 2-RUN HOME RUN (Line Drive, 9D), Distance : 363 ft
Batting: LHB Willis Baker 0-0: Ball
1-0: Swinging Strike
1-1: Swinging Strike
1-2: Strikes out swinging
Top of the 9th over - 2 run(s), 2 hit(s), 0 error(s), 0 left on base; Gwinnett County 10 - Galesburg 3
BOTTOM OF THE 9TH
Galesburg Guzzlers batting - Pitching for Gwinnett County Black Cats : RHP Héctor Salazar
Batting: RHB Toussiant L'Ouverture 0-0: Foul Ball, location: 2F
0-1: Swinging Strike
0-2: Ball
1-2: Strikes out swinging
Batting: RHB Roland Deschain 0-0: Ground out 5-3 (Groundball, 56)
Batting: RHB Fernando Rivera 0-0: Called Strike
0-1: Swinging Strike
0-2: Strikes out swinging
Bottom of the 9th over - 0 run(s), 0 hit(s), 0 error(s), 0 left on base; Gwinnett County 10 - Galesburg 3
This league is powered by Out of the Park Baseball, the baseball management simulation game for PC, Mac and Linux
Friday, July 8th, 2016 - OOTP Baseball 16.9 Build 39